 Dungeon Crawl Stone Soup version 0.16.1-14-g82efdee (webtiles) character file.

154 Mizdow the Chopper (level 5, -2/46 HPs)
             Began as a Minotaur Berserker on Apr 12, 2015.
             Was a Priest of Trog.
             Slain by a wyvern zombie (9 damage)
             ... on level 4 of the Dungeon.
             The game lasted 00:22:20 (2979 turns).

Mizdow the Chopper (Minotaur Berserker)             Turns: 2979, Time: 00:22:20

Health: -2/46      AC: 10    Str: 24    XL:     5   Next: 13%
Magic:  2/2        EV: 10    Int:  4    God:    Trog [***...]
Gold:   182        SH:  3    Dex: 10    Spells: 0 memorised, 4 levels left

rFire  . . .     SeeInvis .     g - +1 hand axe (vamp)
rCold  . . .     Clarity  .     p - +0 scale mail
rNeg   . . .     SustAb   .     r - +0 buckler
rPois  .         Gourm    .     (helmet restricted)
rElec  .         Spirit   .     (no cloak)
rCorr  .         Warding  .     (no gloves)
rMut   .         Stasis   .     (no boots)
MR     .....                    (no amulet)
Stlth  ..........               m - +3 ring of protection
                                f - +2 ring of strength

@: not resistant to hostile enchantments, extremely unstealthy
A: retaliatory headbutt, horns 2
a: Burn Spellbooks, Berserk, Trog's Hand, Renounce Religion


You were on level 4 of the Dungeon.
You worshipped Trog.
Trog was most pleased with you.
You were not hungry.

You visited 1 branch of the dungeon, and saw 4 of its levels.

You collected 182 gold pieces.

Inventory:

Hand weapons
 g - a +1 vampiric hand axe (weapon)
Armour
 b - the cursed -3 ring mail of Xanuit {rElec Str+3, unknown}
   (You found it on level 4 of the Dungeon)

   It affects your strength (+3).
   It insulates you from electricity.
   It has a curse placed upon it.
 p - a +0 scale mail (worn)
 r - a +0 buckler (worn)
Jewellery
 f - a +2 ring of strength (left hand)
 h - an uncursed ring of sustain abilities
 m - a +3 ring of protection (right hand)
Magical devices
 i - a wand of invisibility (4)
Scrolls
 c - 2 scrolls of teleportation {unknown}
 k - a scroll of recharging {unknown}
 l - a scroll of identify
 n - 3 scrolls of amnesia {unknown}
 o - a scroll of enchant armour {unknown}
 q - a scroll of immolation {unknown}
Potions
 a - a potion of heal wounds {unknown}
 d - a potion of cancellation {unknown}
 e - 2 potions of haste {unknown}
 j - a potion of restore abilities {unknown}
 s - a potion of poison {unknown}
 u - a potion of agility {unknown}
 v - a potion of curing {unknown}
Comestibles
 t - a bread ration


   Skills:
 - Level 4.1 Fighting
 * Level 5.5 Axes
 + Level 4.3 Armour
 - Level 2.2 Dodging
 + Level 1.0 Shields


You had 4 spell levels left.
You didn't know any spells.

Dungeon Overview and Level Annotations

Branches:
Dungeon (4/15)
 Temple: D:4-7

Altars:
Dithmenos
Gozag
Nemelex Xobeh
Ru
Yredelemnul


Innate Abilities, Weirdness & Mutations

You reflexively headbutt those who attack you in melee.
You have a pair of horns on your head.


Message History

You block the wyvern zombie's attack.
You hit the wyvern zombie. The wyvern zombie bites you!
The wyvern zombie bites you but does no damage.
You hit the wyvern zombie. Your headbutt misses the wyvern zombie.
The wyvern zombie bites you!
The wyvern zombie bites you but does no damage.
The wyvern zombie bites you.
The wyvern zombie bites you but does no damage.
The wyvern zombie closely misses you. You block the wyvern zombie's attack.
The wyvern zombie misses you.
The wyvern zombie bites you but does no damage.
The wyvern zombie bites you.
* * * LOW HITPOINT WARNING * * *
You block the wyvern zombie's attack.
The wyvern zombie completely misses you.
The wyvern zombie bites you.
* * * LOW HITPOINT WARNING * * *
The wyvern zombie bites you!
You die...

#### ###### ###### ...# #....#
##....#### ##.## #####.##.#
#......... .<..######......#.#
#.....#.## ........[..###..#.#
#.#####... #########..# #..#.#
#.# ####
.......##..###..#.######.########
................@Z............>[.
.....#.##.......#.######.########
##.#.#.##.##..###.#......######
.....#.##.....................#
##.(...#####..###.#.#..|......#
.##..####...........#.........#
..##... +........####.........#
...#.####.....................#
.8.#.####...)....####.........#


You could see a wyvern zombie.

Vanquished Creatures
  A worker ant (D:4)
  3 adders
  3 gnolls (D:2)
  3 worms
  2 giant geckos
  4 orcs
  9 bats
  11 goblins
  3 hobgoblins
  3 kobolds
  3 giant cockroaches
  5 giant newts
  A quokka (D:3)
  2 rats (D:4)
53 creatures vanquished.

Notes
Turn   | Place    | Note
--------------------------------------------------------------
     0 | D:1      | Mizdow, the Minotaur Berserker, began the quest for the Orb.
     0 | D:1      | Reached XP level 1. HP: 19/19 MP: 1/1
   236 | D:1      | Reached skill level 4 in Fighting
   236 | D:1      | Reached XP level 2. HP: 22/27 MP: 1/1
   721 | D:2      | Reached XP level 3. HP: 19/33 MP: 2/2
   881 | D:2      | Acquired Trog's second power
  1166 | D:2      | You fall through a shaft for 2 floors!
  1260 | D:3      | Found a basalt altar of Yredelemnul.
  1260 | D:3      | Found a shadowy altar of Dithmenos.
  1471 | D:2      | Reached XP level 4. HP: 40/40 MP: 2/2
  1575 | D:2      | Reached skill level 5 in Axes
  2094 | D:3      | Found a sacrificial altar of Ru.
  2595 | D:4      | Reached skill level 1 in Shields
  2595 | D:4      | Reached XP level 5. HP: 36/46 MP: 2/2
  2666 | D:4      | Found a sparkling altar of Nemelex Xobeh.
  2666 | D:4      | Found an opulent altar of Gozag.
  2678 | D:4      | Got a pitted ring mail
  2979 | D:4      | Slain by a wyvern zombie

Action                   |  1- 3 |  4- 6 || total
-------------------------+-------+-------++-------
Melee: Hand axe          |    69 |    61 ||   130
  Use: Scroll            |       |     1 ||     1
  Eat: Bread ration      |       |     2 ||     2
       Meat ration       |       |     1 ||     1
